 Dungeon Crawl Stone Soup version 0.20.1-1-g8b1a95d (webtiles) character file.

231 Gnungangingling the Conjurer (level 5, -6/39 HPs)
             Began as a Demigod Conjurer on Sept 8, 2017.
             Killed from afar by Blork the orc (10 damage)
             ... with a puff of frost
             ... on level 4 of the Dungeon.
             The game lasted 00:23:17 (3209 turns).

Gnungangingling the Conjurer (Demigod Conjurer)     Turns: 3209, Time: 00:23:18

Health: -6/39      AC:  3    Str: 15    XL:     5   Next: 44%
Magic:  1/11       EV: 14    Int: 21    God:
Gold:   143        SH:  0    Dex: 19    Spells: 3/9 levels left

rFire    . . .     SeeInvis .   j - staff of air
rCold    . . .     Gourm    +   (no shield)
rNeg     . . .     Faith    .   a - +0 robe
rPois    .         Spirit   .   (no helmet)
rElec    +         Reflect  .   h - +0 cloak
rCorr    .         Harm     .   (no gloves)
MR       .....                  (no boots)
Stlth    ++........             t - amulet of the gourmand
Regen    0.2/turn               e - +4 ring of strength
MPRegen  0.2/turn               g - +3 ring of dexterity

@: lethally poisoned (-6 -> -12)
A: high mp 1
a: no special abilities


You were on level 4 of the Dungeon.
You were full.

You visited 1 branch of the dungeon, and saw 4 of its levels.

You collected 143 gold pieces.

Inventory:

Armour
 a - a +0 robe (worn)
 h - a +0 cloak (worn)
Magical Staves
 j - an uncursed staff of air (weapon)
Jewellery
 e - a +4 ring of strength (left hand)
 g - a +3 ring of dexterity (right hand)
 i - a +1 ring of slaying
 t - an amulet of the gourmand (around neck)
Scrolls
 c - 2 scrolls of remove curse
 d - 2 scrolls of fear
 n - a scroll of amnesia
 p - 2 scrolls of teleportation {unknown}
 q - a scroll of blinking {unknown}
 r - a scroll of enchant weapon
 s - a scroll of enchant armour {unknown}
Potions
 f - 2 potions of agility
 o - a potion of mutation {unknown}
 u - a potion of magic
Books
 b - a book of Conjurations

   Spells                             Type                      Level
   a - Magic Dart                     Conjuration                  1
   b - Searing Ray                    Conjuration                  2
   c - Dazzling Spray                 Conjuration/Hexes            3
   d - Fulminant Prism                Conjuration/Hexes            4
   e - Force Lance                    Conjuration/Translocation    4
   f - Iskenderun's Mystic Blast      Conjuration                  4
Comestibles
 k - a royal jelly
 l - 3 fruits
 m - a bread ration


   Skills:
 + Level 0.3 Fighting
 + Level 1.0 Staves
 + Level 3.0 Dodging
 + Level 2.3 Stealth
 + Level 0.6 Unarmed Combat
 + Level 2.6 Spellcasting
 + Level 4.8 Conjurations


You had 3 spell levels left.
You knew the following spells:

 Your Spells              Type           Power        Failure   Level  Hunger
a - Magic Dart            Conj           ###.         1%          1    None
b - Searing Ray           Conj           ###...       2%          2    ##.....
c - Dazzling Spray        Conj/Hex       ##....       16%         3    ###....


Dungeon Overview and Level Annotations

Branches:
Dungeon (4/15)
 Temple: D:4-7

Annotations:
D:4 Blork the orc


Innate Abilities, Weirdness & Mutations

You have an increased reservoir of magic. (+10% MP)


Message History

Casting: Magic Dart
Confirm with . or Enter, or press ? or * to list all spells.
Aiming: Magic Dart
Press: ? - help, Shift-Dir - straight line, f/p - Blork the orc
Aim: Blork the orc, wielding a battleaxe of venom and wearing a robe (heavily wounded, fast, unusually agile)
The magic dart hits Blork the orc.
Blork the orc is heavily wounded.
You feel sick. Blork the orc closely misses you.
You feel sick.
Blork the orc gestures at you while chanting.
The magic dart hits you!
* * * LOW HITPOINT WARNING * * *
* * * LOW HITPOINT WARNING * * *
You feel sick. Blork the orc casts a spell at you. The puff of frost hits you!
* * * LOW HITPOINT WARNING * * *
Blork the orc casts a spell at you. The puff of frost hits you!
You die...

..# ######## ....## #......#
...... #......# .....g
#######..@.o.######......
#...#...........g........
#...#...####........$†...
#...#......#.............
#...####...#.....g.......
#...####...#.............
#..........#.............
....##........†##.............
....###.......#######........


You could see Blork the orc and a gnoll.

Vanquished Creatures
  A crimson imp (D:3)
  An orc priest (D:3)
  Terence (D:2)
  Robin (D:2)
  2 adders (D:2)
  A gnoll (D:4)
  An ooze (D:1)
  A dart slug (D:3)
  2 leopard geckos (D:1)
  8 orcs (D:3)
  3 giant cockroaches
  21 goblins
  6 hobgoblins
  7 jackals
  A quokka (D:3)
  A ball python (D:3)
  9 bats
  4 frilled lizards
  5 kobolds
  8 rats
84 creatures vanquished.

Vanquished Creatures (others)
  An ooze (D:3)
  A worm (D:3)
  2 hobgoblins (D:3)
  A jackal (D:3)
5 creatures vanquished.

Grand Total: 89 creatures vanquished

Notes
Turn   | Place    | Note
-------+----------+-------------------------------------------
     0 | D:1      | Gnungangingling the Demigod Conjurer began the quest for the Orb.
     0 | D:1      | Reached XP level 1. HP: 14/14 MP: 5/5
   443 | D:1      | Reached skill level 4 in Conjurations
   443 | D:1      | Reached XP level 2. HP: 11/20 MP: 0/7
   447 | D:1      | Learned a level 2 spell: Searing Ray
  1050 | D:1      | Reached XP level 3. HP: 26/26 MP: 5/8
  1435 | D:2      | Noticed Robin
  1527 | D:2      | Killed Robin
  1721 | D:2      | Found a sparkling altar of Nemelex Xobeh.
  1776 | D:2      | Reached XP level 4. HP: 31/34 MP: 2/10
  1781 | D:2      | Learned a level 3 spell: Dazzling Spray
  1940 | D:2      | Noticed Terence
  2003 | D:2      | Killed Terence
  2292 | D:3      | Found a radiant altar of Vehumet.
  2304 | D:3      | HP: 1/34 [rat (3)]
  2316 | D:3      | HP: 1/34 [bat (1)]
  2669 | D:3      | Reached XP level 5. HP: 35/39 MP: 0/11
  2878 | D:3      | Found a blossoming altar of Fedhas.
  3188 | D:4      | Noticed Blork the orc
  3191 | D:4      | Reached skill level 1 in Staves
  3209 | D:4      | Killed from afar by Blork the orc

Skill      XL: |  1  2  3  4  5 |
---------------+----------------+-----
Dodging        | 2 3 |  3.0
Conjurations   | 4 |  4.8
Spellcasting   | 2 |  2.6
Stealth        | 2 |  2.3
Staves         | 1 |  1.0
Fighting       | |  0.3
Unarmed Combat | |  0.6

Action                   |  1- 3 |  4- 6 || total
-------------------------+-------+-------++-------
Melee: Unarmed           |    28 |       ||    28
       Staff             |    19 |    38 ||    57
 Cast: Magic Dart        |    67 |    79 ||   146
       Searing Ray       |     3 |     2 ||     5
       Dazzling Spray    |       |     3 ||     3
  Use: Potion            |     4 |     3 ||     7
       Scroll            |     4 |     4 ||     8
 Stab: Sleeping          |       |     1 ||     1
  Eat: Chunk             |     2 |       ||     2
       Bread ration      |     1 |     1 ||     2
       Fruit             |     1 |       ||     1
       Royal jelly       |       |     1 ||     1
Armor: Robe              |     8 |    27 ||    35
       Skin              |     4 |       ||     4
Dodge: Dodged            |    57 |   109 ||   166
